 Dungeon Crawl Stone Soup version 0.30-a0-930-gb9d0489357 (webtiles) character file.

Game seed: 13943559876294875945

322377 Dirtsage the Severer (level 21, -10/172 HPs)
             Began as a Demonspawn Berserker on Mar 23, 2023.
             Was an Elder of Qazlal.
             Mangled by Mennas
             ... wielding a +2 sacred scourge of holy wrath
              (26 damage)
             ... on level 2 of the Vaults on Mar 24, 2023.
             The game lasted 02:00:55 (42929 turns).

Dirtsage the Severer (Demonspawn Berserker)        Turns: 42929, Time: 02:00:56

Health: -10/172    AC: 22    Str: 28    XL:     21   Next: 0%
Magic:  3/10       EV: 25    Int: 13    God:    Qazlal [****..]
Gold:   3540       SH: 35    Dex: 13    Spells: 20/20 levels left

rFire   + + .      SeeInvis +    V - +9 broad axe (antimagic)
rCold   + + +      Faith    .    c - +4 tower shield {reflect}
rNeg    . . .      Spirit   .    U - +5 scale mail of the Hanged Man {Rampage rC+ Str+4}
rPois   .          Reflect  +    T - +3 hat of Haunted Liberty {rC+}
rElec   .          Rampage  +    b - scarf {rC+ rF+}
rCorr   .          NoCast   +    O - +3 Mad Mage's Maulers {Infuse+∞ VampMP -Cast}
Will    +....                    (boots unavailable)
Stlth   +                        (no amulet)
HPRegen 2.48/turn                F - ring "Kaas" {rF+ EV+5}
MPRegen 0.12/turn                S - ring of see invisible

@: mighty, agile, marked, hasted, glowing, repel missiles, very quick
A: hooves 3, large bone plates 3, powered by death 2, powered by pain 2,
corrupting presence 1
}: 1/15 runes: serpentine
a: Renounce Religion, Upheaval, Elemental Force


You were on level 2 of the Vaults.
You worshipped Qazlal.
Qazlal was greatly pleased with you.
You visited 7 branches of the dungeon, and saw 32 of its levels.
You visited the Abyss 1 time.
You also visited: Sewer, Ossuary, Gauntlet and Volcano.

You collected 5707 gold pieces.
You spent 2167 gold pieces at shops.

Inventory:

Hand Weapons
 Q - a +6 heavy broad axe
 V - a +9 antimagic broad axe (weapon)
Missiles
 e - 12 curare-tipped darts (quivered)
Armour
 b - a scarf of resistance (worn)
 c - a +4 tower shield of reflection (worn)
 E - a +2 cloak of poison resistance
 O - the +3 Mad Mage's Maulers (worn) {Infuse+∞ VampMP -Cast}
   (You acquired it on level 12 of the Dungeon)

   Infuse+∞: It empowers its wearer's blows with all of their magic.
   VampMP:    Blows struck in melee replenish the wearer's magic.
   -Cast:     It prevents spellcasting.
 T - the +3 hat of Haunted Liberty (worn) {rC+}
   (You acquired it on level 12 of the Dungeon)

   rC:        It protects you from cold.
 U - the +5 scale mail of the Hanged Man (worn) {Rampage rC+ Str+4}
   (You bought it in a shop on level 4 of the Dungeon)

   Str:       It affects your strength (+4).
   rC:        It protects you from cold.
   Rampage:   It bestows one free step when moving towards enemies.
 Y - a scarf of repulsion
Jewellery
 m - the ring of Guhaazor {Wiz Drain Fly Int+6}
   (You found it on level 3 of the Elven Halls)

   [ring of wizardry]

   It improves your spell success rate.
   Int:       It affects your intelligence (+6).
   Fly:       It grants you flight.
   Drain:     It drains your maximum health when unequipped.
 C - a ring of resist corrosion
 F - the ring "Kaas" (left hand) {rF+ EV+5}
   (You found it on level 3 of the Elven Halls)

   [ring of evasion]

   EV:        It affects your evasion (+5).
   rF:        It protects you from fire.
 I - the ring of Amonwotz {Fire rElec}
   (You found it in a Gauntlet)

   [ring of fire]

   It enhances your fire magic.
   rF:        It protects you from fire.
   rC:        It makes you vulnerable to cold.
   rElec:     It insulates you from electricity.
 K - an amulet of reflection
 R - the ring of Mucsuiw {Fire SInv}
   (You bought it in a shop on level 4 of the Snake Pit)

   [ring of fire]

   It enhances your fire magic.
   rF:        It protects you from fire.
   rC:        It makes you vulnerable to cold.
   SInv:      It lets you see invisible.
 S - a ring of see invisible (right hand)
 X - the amulet "Jadiust" {RegenMP Rampage +Blink rF- rN+}
   (You found it in a Gauntlet)

   [amulet of magic regeneration]

   It increases your rate of magic regeneration.
   rF:        It makes you vulnerable to fire.
   rN:        It protects you from negative energy.
   +Blink:    It lets you blink.
   Rampage:   It bestows one free step when moving towards enemies.
Wands
 D - a wand of digging (8)
 L - a wand of light (9)
Scrolls
 a - a scroll of torment
 g - 7 scrolls of fear
 i - 10 scrolls of identify
 s - 6 scrolls of magic mapping
 t - 12 scrolls of teleportation
 w - 5 scrolls of enchant armour
 y - a scroll of butterflies
 B - 2 scrolls of blinking
 G - 5 scrolls of fog
 J - 3 scrolls of vulnerability
 M - 6 scrolls of immolation
Potions
 d - 3 potions of might
 f - 9 potions of mutation
 h - 5 potions of haste
 j - 10 potions of attraction
 l - 10 potions of heal wounds
 n - 6 potions of resistance
 o - 6 potions of lignification
 p - 11 potions of flight
 q - 15 potions of curing
 u - 2 potions of berserk rage
 v - 5 potions of invisibility
 x - 4 potions of brilliance
 z - 3 potions of magic
 H - 5 potions of ambrosia
 Z - a potion of cancellation
Miscellaneous
 k - a phantom mirror
 r - a tin of tremorstones (2/2)
 A - a condenser vane
 N - a phial of floods
 W - a lightning rod (4/4)


   Skills:
 - Level 16.3 Fighting
 + Level 18.8 Axes
 - Level 14.9 Armour
 - Level 14.9 Dodging
 - Level 9.1 Stealth
 + Level 14.3 Shields
 * Level 12.6 Invocations


You had 20 spell levels left.
You didn't know any spells.
Your spell library contained the following spells:

 Spells                   Type           Power      Damage    Failure   Level
 Apportation              Tloc           0%         N/A       91%         1
 Freeze                   Ice            0%         1d3       91%         1
 Magic Dart               Conj           0%         1d3       91%         1
 Necrotise                Necr           0%         1d4       91%         1
 Sandblast                Erth           0%         2d4       91%         1
 Summon Small Mammal      Summ           0%         N/A       91%         1
 Call Imp                 Summ           0%         N/A       97%         2
 Ensorcelled Hibernation  Hex/Ice        0%         N/A       97%         2
 Passwall                 Tmut/Erth      0%         N/A       97%         2
 Sublimation of Blood     Necr           0%         N/A       97%         2
 Wereblood                Tmut           0%         N/A       97%         2
 Call Canine Familiar     Summ           0%         N/A       99%         3
 Frozen Ramparts          Ice            0%         1d1       99%         3
 Hailstorm                Conj/Ice       0%         3d3       99%         3
 Kindle Blastsparks       Fire/Tloc/Air  0%         2d10      99%         3
 Mephitic Cloud           Conj/Pois/Air  0%         N/A       99%         3
 Ozocubu's Armour         Ice            0%         N/A       99%         3
 Portal Projectile        Hex/Tloc       0%         N/A       99%         3
 Stone Arrow              Conj/Erth      0%         3d7       99%         3
 Summon Guardian Golem    Hex/Summ       0%         N/A       99%         3
 Swiftness                Air            0%         N/A       99%         3
 Tukima's Dance           Hex            0%         N/A       99%         3
 Animate Armour           Summ/Erth      0%         N/A       100%        4
 Fulminant Prism          Conj/Hex       0%         3d5       100%        4
 Iskenderun's Mystic Bla  Conj/Tloc      0%         2d3       100%        4
 Petrify                  Tmut/Erth      0%         N/A       100%        4
 Alistair's Intoxication  Tmut/Pois      0%         N/A       100%        5
 Blade Hands              Tmut           0%         N/A       100%        5
 Irradiate                Conj/Tmut      0%         3d11      100%        5
 Lee's Rapid Deconstruct  Erth           0%         3d4*      100%        5
 Metabolic Englaciation   Hex/Ice        0%         N/A       100%        5
 Iron Shot                Conj/Erth      0%         9d1       100%        6
 Simulacrum               Ice/Necr       0%         N/A       100%        6
 Statue Form              Tmut/Erth      0%         N/A       100%        6
 Summon Hydra             Summ           0%         N/A       100%        7
 Lehudib's Crystal Spear  Conj/Erth      0%         10d2      100%        8


Dungeon Overview and Level Annotations

Branches:
Dungeon (15/15)            Temple (1/1) D:5            Lair (5/5) D:10
  Swamp (0/4) Lair:2        Snake (4/4) Lair:3        Slime (0/5) Lair:5
    Orc (2/2) D:12            Elf (3/3) Orc:2        Vaults (2/5) D:13
 Depths (0/4) D:15          Sewer (visited)         Ossuary (visited)
Volcano (visited)         Gauntlet (visited)
  Crypt: Vaults:2-3

Altars:
Ashenzari
Cheibriados
Dithmenos
Fedhas
Gozag
Hepliaklqana
Kikubaaqudgha
Makhleb
Nemelex Xobeh
Okawaru
Qazlal
Ru
Sif Muna
Trog
Uskayaw
Vehumet
Wu Jian
Xom
Yredelemnul

Shops:
D:4 *   D:6 [   Orc:2 [*(:   Elf:1 [   Elf:3 !*   Snake:4 *[*(

Annotations:
Vaults:2 Mennas


Innate Abilities, Weirdness & Mutations

You have hooves in place of feet.
You are completely covered in large bone plates. (SH +8)
You regenerate health from kills.
You sometimes gain power by taking damage.
Your presence sometimes corrodes those you injure.


Message History

Mennas is heavily wounded.
You hit the orc knight but do no damage.
Mennas hits you with a +2 sacred scourge of holy wrath!
You convulse!!
You focus on the pain.
You feel your power returning. You block Mennas's attack.
You take 37 damage, and have 78/172 hp.
MASSIVE DAMAGE!!
You regained 9 mp, and now have 9/10 mp.
You miss Mennas. Your kick misses Mennas.
Mennas is heavily wounded.
You slice the orc knight!!
Mennas's magic is no longer disrupted.
You block the orc knight's attack. You block Mennas's attack.
Mennas completely misses you.
You regained 2 hp, and now have 80/172 hp.
You now have 4/10 mp.
Mennas blocks your attack.
Mennas is heavily wounded.
You slash the orc knight! You block Mennas's attack. x2
You now have 2/10 mp.
Mennas blocks your attack.
Mennas is heavily wounded.
You barely miss the orc knight.
The orc knight hits you with a +3 battleaxe!!
You take 20 damage, and have 61/172 hp.
You slice Mennas!!
Mennas's magic leaks into the air.
Your kick misses Mennas.
Mennas is severely wounded.
You slice the orc knight!!
Your corrupting presence corrodes the orc knight!
Mennas gestures at you. You block Mennas's attack.
Mennas completely misses you. You block the orc knight's attack.
Mennas hits you with a +2 sacred scourge of holy wrath!!
* * * LOW HITPOINT WARNING * * *
You focus on the pain.
You feel agile all of a sudden.
You convulse.
* * * LOW HITPOINT WARNING * * *
Mennas hits you with a +2 sacred scourge of holy wrath!!
* * * LOW HITPOINT WARNING * * *
You convulse!!
You die...

###########.# #.#
+.##'##. #.#p#....?#
#.###...### #.#[....#.#
#.##'##.'.# #.# .#$#.#
#.#######'#.# .
#...uA@oo...#
'###########'#'########
................#
.)..............#
................#
................#
................#
###########.....#
#.....#


You could see Mennas (magic disrupted), 2 orc knights and a red ugly thing.

Vanquished Creatures
  A dread lich (Abyss:3)
  A hellephant (Abyss:3)
  A bone dragon (Abyss:3)
  Mlioglotl (Snake:2)
  3 tentacled monstrosities (Abyss:3)
  A lich (Abyss:3)
  2 deep elf blademasters (Elf:3)
  14 tentacled starspawn (Abyss:3)
  A deep elf master archer (Elf:3)
  2 sphinxes (Vaults:1)
  2 Executioners (Abyss:3)
  Roxanne (Snake:3)
  Kirke (D:13)
  12 nagarajas (Snake:4)
  2 vault wardens (Vaults:2)
  A balrug (Abyss:3)
  6 deep elf sorcerers
  The ghost of Iseguhol the Earth Mage, a journeyman GrEE of Gozag (D:14)
  6 deep elf elementalists (Elf:3)
  2 orc warlords
  Aizul (Snake:1)
  A cacodemon (Abyss:3)
  7 ironbound preservers
  2 very ugly things (Abyss:3)
  2 ironbound thunderhulks (Vaults:1)
  A caustic shrike skeleton (D:15)
  2 stone giants
  2 war gargoyles (Vaults:2)
  6 deep elf demonologists (Elf:3)
  A purple draconian (Abyss:3)
  8 deep elf annihilators
  A minotaur (Gauntlet)
  A lorocyproca (Abyss:3)
  12 dire elephants
  A crystal guardian (Vaults:2)
  3 deep elf death magi (Elf:3)
  An ettin (Orc:2)
  3 green deaths (Abyss:3)
  Josephine (D:12)
  2 deep elf high priests (Elf:3)
  A yaktaur captain (Vaults:1)
  An eidolon (Abyss:3)
  A fire dragon (Lair:5)
  An entropy weaver (Vaults:1)
  4 great orbs of eyes
  2 peacekeepers (Vaults:2)
  6 hydras
  4 ironbound frosthearts
  5 vault guards
  4 salamander tyrants (Snake:4)
  6 boulder beetles
  3 ogre magi
  An anaconda (Snake:4)
  2 death knights
  A catoblepas (Lair:5)
  8 centaur warriors
  19 two-headed ogres
  26 dancing weapons
  4 death yaks (Lair:1)
  11 naga warriors
  12 thrashing horrors (Abyss:3)
  Urug (Lair:2)
  3 orc high priests (Orc:2)
  2 tengu warriors
  8 hell knights
  3 shock serpents
  15 naga sharpshooters
  4 sun demons (Abyss:3)
  13 deep elf knights
  6 skeletal warriors
  A skyshark (Lair:5)
  5 salamander mystics (Snake:4)
  7 wretched stars
  13 sea snakes (Snake:3)
  A quicksilver dragon simulacrum (Abyss:3)
  2 glowing orange brains (Abyss:3)
  26 deep trolls
  5 deep elf archers
  A tengu zombie (Vaults:1)
  4 wizards
  4 ironbound convokers
  24 deep elf zephyrmancers
  2 naga ritualists (Snake:4)
  4 phantasmal warriors
  A bog body (Lair:2)
  10 lindwurms
  A spriggan simulacrum (Abyss:3)
  4 orc knights
  4 mana vipers
  35 deep elf pyromancers
  6 necromancers
  2 oklob plants
  11 cyclopes
  8 ugly things
  8 orc sorcerers
  2 frost giant zombies
  15 salamanders
  5 manticores
  9 worldbinders (Abyss:3)
  A will-o-the-wisp (Abyss:3)
  A human skeleton (Vaults:1)
  18 black mambas
  13 elephants
  12 naga magi
  4 apocalypse crabs (Abyss:3)
  3 demonic crawlers (Abyss:3)
  10 vault sentinels
  4 smoke demons (Abyss:3)
  A molten gargoyle (Volcano)
  8 torpor snails
  6 guardian serpents
  10 cane toads
  A spriggan zombie (D:15)
  3 unseen horrors
  A gargoyle (D:11)
  4 rime drakes
  6 efreet
  4 yaktaurs (Vaults:1)
  8 komodo dragons
  A freezing wraith (Abyss:3)
  8 ancient zymes (Abyss:3)
  A tengu conjurer (D:13)
  A red devil (Abyss:3)
  7 meliai
  A guardian mummy (D:15)
  11 polar bears
  7 trolls
  3 tyrant leeches (Lair:5)
  A queen bee (Gauntlet)
  10 hornets
  12 blink frogs
  8 dream sheep (Lair:4)
  17 raiju (Abyss:3)
  27 slime creatures
  A jumping spider (shapeshifter) (Elf:1)
  6 shadows
  A centaur simulacrum (D:11)
  A spriggan skeleton (D:15)
  3 air elementals
  7 ynoxinuls (Abyss:3)
  36 yaks
  A water elemental (Elf:3)
  5 fire bats (Volcano)
  29 starcursed masses (Abyss:3)
  6 wyverns
  11 wraiths
  An unseen horror simulacrum (D:9)
  5 basilisks
  5 fire elementals
  9 humans (D:13)
  5 golden eyes (Abyss:3)
  Menkaure (D:6)
  5 neqoxecs
  A steam dragon (D:8)
  2 hogs (D:13)
  6 vampire mosquitoes
  A yaktaur simulacrum (Vaults:1)
  8 chaos spawn (Abyss:3)
  A redback (Vaults:1)
  23 large abominations (Abyss:3)
  8 wargs
  A warg (shapeshifter) (Abyss:3)
  31 nagas
  An acid dragon (D:10)
  9 water moccasins
  3 hell hounds (Gauntlet)
  31 orc warriors
  23 small abominations
  12 black bears
  A sky beast (D:8)
  A meliai simulacrum (D:11)
  A black bear (shapeshifter) (D:14)
  17 ogres
  3 ice beasts
  10 wolves
  4 centaurs
  A phantom (D:5)
  A wolf (shapeshifter) (Abyss:3)
  14 kobold brigands
  4 gnoll sergeants
  11 bullfrogs
  2 earth elementals (Elf:3)
  A scorpion (Lair:2)
  10 wights
  10 killer bees
  4 electric eels
  7 howler monkeys
  A crimson imp (Abyss:3)
  4 quasits (Abyss:3)
  8 lava snakes (Volcano)
  2 hounds
  2 human zombies
  2 centaur zombies (Ossuary)
  A jelly (Lair:5)
  36 orc priests
  An iron imp (Abyss:3)
  A sleepcap (D:7)
  6 hell rats (Lair:4)
  4 iguanas
  36 orc wizards
  2 mummies (Ossuary)
  9 gnolls
  8 adders
  9 river rats
  A shadow imp (Gauntlet)
  4 white imps
  3 ufetubi (Abyss:3)
  2 adder zombies (Ossuary)
  3 worms
  2 dart slugs (D:2)
  106 orcs
  22 ball pythons
  8 endoplasms
  2 giant cockroaches
  9 goblins
  4 hobgoblins
  7 jackals
  55 kobolds
  3 quokkas
  6 bats
  3 frilled lizards
  2 goblin zombies (Ossuary)
  5 hobgoblin zombies (Ossuary)
  16 kobold zombies (Ossuary)
  8 orc zombies (Ossuary)
  26 rats
  A rat zombie (Ossuary)
  A spectral hobgoblin (D:6)
  5 lurking horrors (Abyss:3)
  11 starspawn tentacles (Abyss:3)
1597 creatures vanquished.

Vanquished Creatures (collateral kills)
  Saint Roka (Elf:3)
  A bone dragon (Abyss:3)
  2 deep elf elementalists (Elf:3)
  A deep elf death mage (Elf:3)
  A rakshasa (Abyss:3)
  A hydra (D:9)
  The ghost of Sphara the Cleaver, a novice HuMo of Okawaru (D:7)
  A hell knight (Abyss:3)
  Sonja (Lair:1)
  A necromancer (Abyss:3)
  A manticore (D:9)
  A salamander (Snake:4)
  A large abomination (Abyss:3)
  An orc warrior (Elf:3)
  Crazy Yiuf (D:6)
  An ufetubus (Abyss:3)
  An orc (Elf:3)
18 creatures vanquished.

Vanquished Creatures (others)
  A deep elf annihilator (Elf:3)
  A naga sharpshooter (Snake:2)
  A salamander mystic (Snake:4)
  A wizard (D:9)
  A human (D:13)
  A large abomination (Abyss:3)
  4 fungi
  A lurking horror (Abyss:3)
  22 plants
  29 starspawn tentacles (Abyss:3)
  2 withered plants (D:15)
64 creatures vanquished.

Grand Total: 1679 creatures vanquished

Notes
Turn   | Place    | Note
-------+----------+-------------------------------------------
     0 | D:1      | Dirtsage the Demonspawn Berserker began the quest for the
                  | Orb.
     0 | D:1      | Reached XP level 1. HP: 18/18 MP: 1/1
   210 | D:1      | Reached skill level 3 in Axes
   244 | D:1      | Gained mutation: You are partially covered in large bone
                  | plates. (SH +4) [demonic ancestry]
   244 | D:1      | Reached XP level 2. HP: 14/24 MP: 2/2
   546 | D:1      | Gained mutation: You regenerate a little health from kills.
                  | [demonic ancestry]
   546 | D:1      | Reached XP level 3. HP: 17/29 MP: 3/3
   546 | D:1      | Reached ** piety under Trog
   710 | D:1      | Reached skill level 4 in Axes
  1402 | D:2      | Reached XP level 4. HP: 35/35 MP: 4/4
  2171 | D:3      | Reached skill level 5 in Axes
  2260 | D:3      | Reached *** piety under Trog
  2448 | D:4      | Reached XP level 5. HP: 36/41 MP: 5/5
  2545 | D:4      | Found a sand-covered staircase.
  2552 | Ossuary  | Entered an ossuary
  2691 | Ossuary  | Reached **** piety under Trog
  2698 | Ossuary  | Reached skill level 6 in Axes
  2767 | Ossuary  | Gained mutation: You have large cloven feet. [demonic
                  | ancestry]
  2767 | Ossuary  | Reached XP level 6. HP: 44/47 MP: 6/6
  2870 | D:4      | Found Jogaing's Assorted Antiques.
  2891 | D:4      | Found a snail-covered altar of Cheibriados.
  3055 | D:4      | Found a broken altar of Ashenzari.
  3396 | D:5      | Entered Level 5 of the Dungeon
  3415 | D:5      | Found a staircase to the Ecumenical Temple.
  3443 | D:5      | Noticed a water moccasin
  3454 | D:5      | Killed a water moccasin
  3455 | D:5      | Reached skill level 7 in Axes
  3459 | D:5      | Gained mutation: You have hoof-like feet. [demonic
                  | ancestry]
  3459 | D:5      | Reached XP level 7. HP: 27/52 MP: 7/7
  3514 | D:5      | Found a hide-covered altar of Uskayaw.
  3555 | D:5      | Found a glowing drain.
  3572 | Sewer    | Entered a sewer
  3707 | Sewer    | Reached ***** piety under Trog
  3882 | Sewer    | Reached skill level 8 in Axes
  4163 | D:5      | Found an iron altar of Okawaru.
  4421 | Temple   | Entered the Ecumenical Temple
  5171 | D:4      | Bought a pitted scale mail for 234 gold pieces
  5171 | D:4      | Identified the +5 scale mail of the Hanged Man {Rampage rC+
                  | Str+4} (You bought it in a shop on level 4 of the Dungeon)
  5293 | D:6      | Found Woal's Antique Armour Shop.
  5578 | D:6      | Reached skill level 9 in Axes
  5578 | D:6      | Gained mutation: You are mostly covered in large bone
                  | plates. (SH +6) [demonic ancestry]
  5578 | D:6      | Reached XP level 8. HP: 58/58 MP: 8/8
  5720 | D:6      | Found a runed translucent door.
  5721 | D:6      | Noticed Crazy Yiuf
  5799 | D:6      | Found a hazy altar of Hepliaklqana.
  5963 | D:6      | Noticed Menkaure
  5970 | D:6      | Killed Menkaure
  6259 | D:6      | Killed Crazy Yiuf
  6358 | D:7      | Reached skill level 10 in Axes
  6643 | D:7      | Found a runed translucent gate.
  6643 | D:7      | Found a runed translucent gate.
  6643 | D:7      | Found a runed translucent gate.
  6643 | D:7      | Noticed Sphara's ghost (novice HuMo)
  6658 | D:7      | Killed Sphara's ghost
  6659 | D:7      | Reached skill level 11 in Axes
  6659 | D:7      | Gained mutation: You are completely covered in large bone
                  | plates. (SH +8) [demonic ancestry]
  6659 | D:7      | Reached XP level 9. HP: 63/63 MP: 9/9
  6722 | D:7      | Found a sacrificial altar of Ru.
  7066 | D:8      | Reached skill level 12 in Axes
  7425 | D:8      | Found a sparkling altar of Nemelex Xobeh.
  7876 | D:9      | Reached skill level 13 in Axes
  7876 | D:9      | Gained mutation: You sometimes gain a little power by
                  | taking damage. [demonic ancestry]
  7876 | D:9      | Reached XP level 10. HP: 71/71 MP: 10/10
  8231 | D:9      | Noticed a two-headed ogre
  8239 | D:9      | Killed a two-headed ogre
  8555 | D:9      | Noticed a centaur warrior
  8555 | D:9      | Noticed a manticore
  8558 | D:9      | Noticed a wizard
  8560 | D:9      | Noticed a two-headed ogre
  8567 | D:9      | Killed a centaur warrior
  8568 | D:9      | Reached skill level 5 in Fighting
  8568 | D:9      | Killed a manticore
  8576 | D:9      | Killed a two-headed ogre
  8579 | D:9      | Killed a wizard
  8584 | D:9      | Noticed a five-headed hydra
  8584 | D:9      | Noticed a boulder beetle
  8590 | D:9      | Killed a six-headed hydra
  8591 | D:9      | Gained mutation: You regenerate health from kills. [demonic
                  | ancestry]
  8591 | D:9      | Reached XP level 11. HP: 73/81 MP: 11/11
  8598 | D:9      | Reached skill level 5 in Armour
  8599 | D:9      | Noticed a tengu warrior
  8617 | D:9      | Killed a tengu warrior
  8618 | D:9      | Reached skill level 5 in Dodging
  8625 | D:9      | Killed a boulder beetle
  8839 | D:9      | Noticed a two-headed ogre
  8846 | D:9      | Killed a two-headed ogre
  8905 | D:10     | Entered Level 10 of the Dungeon
  8957 | D:10     | Found a staircase to the Lair.
  9427 | D:10     | Reached ****** piety under Trog
  9429 | D:10     | Reached skill level 14 in Axes
  9749 | Lair:1   | Entered Level 1 of the Lair of Beasts
  9860 | Lair:1   | Received a gift from Trog
  9871 | Lair:1   | Noticed Sonja
  9884 | Lair:1   | Killed Sonja
  9985 | Lair:1   | Gained mutation: You have hooves in place of feet. [demonic
                  | ancestry]
  9985 | Lair:1   | Reached XP level 12. HP: 92/92 MP: 12/12
 10149 | Lair:1   | Noticed a death yak
 10149 | Lair:1   | Noticed a death yak
 10152 | Lair:1   | Noticed a death yak
 10152 | Lair:1   | Noticed a death yak
 10174 | Lair:1   | Killed a death yak
 10177 | Lair:1   | Killed a death yak
 10179 | Lair:1   | Killed a death yak
 10242 | Lair:1   | Killed a death yak
 10767 | Lair:2   | Noticed a six-headed hydra
 10783 | Lair:2   | Killed a one-headed hydra
 11246 | Lair:2   | Found a staircase to the Swamp.
 11487 | Lair:2   | Noticed Urug
 11497 | Lair:2   | Killed Urug
 11889 | Lair:3   | Found a staircase to the Snake Pit.
 11954 | Lair:3   | Reached skill level 1 in Shields
 12261 | Lair:3   | Noticed a six-headed hydra
 12270 | Lair:3   | Killed a one-headed hydra
 12504 | Lair:3   | Reached XP level 13. HP: 83/101 MP: 13/13
 12639 | Lair:3   | Reached skill level 15 in Axes
 13376 | Lair:4   | Saving game... please wait.
 13451 | Lair:4   | Received a gift from Trog
 13769 | Lair:5   | Entered Level 5 of the Lair of Beasts
 13769 | Lair:5   | Found a staircase to the Slime Pits.
 13804 | Lair:5   | Reached skill level 10 in Fighting
 13901 | Lair:5   | Found a dark tunnel.
 13946 | Volcano  | Entered a volcano
 14128 | Volcano  | Found a burning altar of Makhleb.
 14597 | Lair:5   | Reached skill level 5 in Shields
 14611 | Lair:5   | Saving game... please wait.
 14618 | Lair:5   | Reached XP level 14. HP: 91/111 MP: 14/14
 14962 | Lair:5   | Identified a scroll of acquirement
 14963 | Lair:5   | Acquired 874 gold pieces
 15013 | Lair:5   | Found a runed translucent door.
 15282 | Lair:5   | Reached skill level 10 in Armour
 15286 | Lair:5   | Reached skill level 10 in Dodging
 15730 | D:11     | Found a gate leading to a gauntlet.
 15737 | Gauntlet | Entered a Gauntlet
 15737 | Gauntlet | Found a transporter.
 15737 | Gauntlet | Found a runed translucent door.
 15744 | Gauntlet | Found a runed translucent door.
 15746 | Gauntlet | Found a transporter.
 15749 | Gauntlet | Found a transporter.
 15750 | Gauntlet | Found a transporter.
 15761 | Gauntlet | Found a transporter.
 15762 | Gauntlet | Found a transporter.
 15763 | Gauntlet | Found a transporter.
 15771 | Gauntlet | Found a transporter.
 15774 | Gauntlet | Found a transporter.
 15775 | Gauntlet | Found a transporter.
 15783 | Gauntlet | Found a transporter.
 15787 | Gauntlet | Found a transporter.
 15788 | Gauntlet | Found a transporter.
 15796 | Gauntlet | Found a transporter.
 16071 | Gauntlet | Identified the amulet "Jadiust" {RegenMP Rampage +Blink rF-
                  | rN+}
 16091 | Gauntlet | Reached skill level 16 in Axes
 16219 | Gauntlet | Found the dreamshard necklace {*Dream Drain}
 16224 | Gauntlet | Identified the ring of Amonwotz {Fire rElec}
 17078 | D:12     | Noticed Josephine
 17085 | D:12     | Killed Josephine
 17194 | D:12     | Found a staircase to the Orcish Mines.
 17224 | D:12     | Received a gift from Trog
 17613 | D:12     | Acquired the +3 hat of Haunted Liberty {rC+}
 17625 | D:12     | Acquired the +3 Mad Mage's Maulers {Infuse+∞ VampMP -Cast}
 17625 | D:12     | Found the +3 Mad Mage's Maulers {Infuse+∞ VampMP -Cast}
 17677 | D:12     | Gained mutation: You sometimes gain power by taking damage.
                  | [demonic ancestry]
 17677 | D:12     | Reached XP level 15. HP: 120/120 MP: 1/15
 18291 | D:13     | Noticed Kirke
 18511 | Orc:1    | Entered Level 1 of the Orcish Mines
 18569 | Orc:1    | Received a gift from Trog
 18990 | Orc:2    | Entered Level 2 of the Orcish Mines
 19070 | Orc:2    | Found a staircase to the Elven Halls.
 19193 | Orc:2    | Paralysed by an orc sorcerer for 2 turns
 19719 | Orc:2    | Found Cetion's Antique Armour Boutique.
 19720 | Orc:2    | Found Halidem's Antique Weapon Boutique.
 19721 | Orc:2    | Found Zomniq's General Store.
 19721 | Orc:2    | Found Tiasatar's Book Shop.
 19725 | Orc:2    | Bought a potion of haste for 170 gold pieces
 19888 | Elf:1    | Entered Level 1 of the Elven Halls
 19901 | Elf:1    | Received a gift from Trog
 20053 | Elf:1    | Identified the +0 ring mail "Itumet" {+Blink rPois rCorr}
 20436 | Elf:1    | Noticed a deep elf sorcerer
 20446 | Elf:1    | Killed a deep elf sorcerer
 20650 | Elf:1    | Found Emoff's Antique Armour Shop.
 20655 | Elf:1    | Bought an embroidered scarf for 256 gold pieces
 20954 | Elf:1    | Reached XP level 16. HP: 91/129 MP: 3/16
 21324 | Elf:2    | Received a gift from Trog
 21494 | Elf:2    | Paralysed by an air elemental for 1 turns
 21835 | Elf:2    | Found a huge runed translucent gate.
 21835 | Elf:2    | Found a huge runed translucent gate.
 21835 | Elf:2    | Found a huge runed translucent gate.
 21838 | Elf:2    | Found a huge runed translucent gate.
 21839 | Elf:2    | Found a huge runed translucent gate.
 22495 | Elf:3    | Entered Level 3 of the Elven Halls
 22555 | Elf:3    | Paralysed by an air elemental for 1 turns
 22611 | Elf:3    | Received a gift from Trog
 22612 | Elf:3    | Reached skill level 17 in Axes
 22761 | Elf:3    | Paralysed by an air elemental for 1 turns
 23034 | Elf:3    | Found Wollugej's Distillery.
 23042 | Elf:3    | Bought a potion of mutation for 160 gold pieces
 23042 | Elf:3    | Bought a potion of resistance for 200 gold pieces
 23042 | Elf:3    | Bought a potion of heal wounds for 100 gold pieces
 23042 | Elf:3    | Bought a potion of heal wounds for 100 gold pieces
 23042 | Elf:3    | Bought a potion of berserk rage for 100 gold pieces
 23154 | Elf:3    | Noticed a deep elf blademaster
 23167 | Elf:3    | Killed a deep elf blademaster
 23169 | Elf:3    | Noticed a deep elf blademaster
 23186 | Elf:3    | Killed a deep elf blademaster
 23328 | Elf:3    | Found Ajiggo Laviu's General Store.
 23336 | Elf:3    | Bought a scroll of blinking for 90 gold pieces
 23556 | Elf:3    | Reached skill level 10 in Shields
 23561 | Abyss:3  | Cast into level 3 of the Abyss (a deep elf sorcerer)
 23562 | Abyss:3  | Reached XP level 17. HP: 104/138 MP: 1/17
 23742 | Abyss:3  | Gained mutation: You occasionally lose the ability to read
                  | scrolls when taking damage. [a neqoxec]
 23746 | Abyss:3  | Received a gift from Trog
 24073 | Abyss:3  | Noticed a bone dragon
 24093 | Abyss:3  | Killed a bone dragon
 24099 | Abyss:3  | Noticed a bone dragon
 24114 | Abyss:3  | Killed a bone dragon
 24292 | Abyss:3  | Received a gift from Trog
 24662 | Abyss:3  | Found a corrupted altar of Lugonu.
 24673 | Abyss:3  | Noticed a tentacled monstrosity
 24676 | Abyss:3  | Noticed a tentacled monstrosity
 24688 | Abyss:3  | Killed a tentacled monstrosity
 24694 | Abyss:3  | Killed a tentacled monstrosity
 24694 | Abyss:3  | Paralysed by accursed screaming for 1 turns
 24764 | Abyss:3  | Identified the +10 war axe "Eskuuz" {flame, Stlth+} (Trog
                  | gifted it to you on level 3 of the Abyss)
 24764 | Abyss:3  | Received a gift from Trog
 24999 | Abyss:3  | Reached XP level 18. HP: 148/148 MP: 4/18
 25087 | Abyss:3  | Noticed a Hell Sentinel
 25103 | Abyss:3  | Noticed a lich
 25225 | Abyss:3  | Noticed a hellephant
 25248 | Abyss:3  | Killed a hellephant
 25254 | Abyss:3  | Killed a lich
 25255 | Abyss:3  | Reached skill level 18 in Axes
 25338 | Abyss:3  | Reached skill level 15 in Fighting
 25356 | Abyss:3  | Noticed a dread lich
 25373 | Abyss:3  | Killed a dread lich
 25599 | Abyss:3  | Received a gift from Trog
 25799 | Abyss:3  | Lost mutation: You occasionally lose the ability to read
                  | scrolls when taking damage. [a neqoxec]
 25881 | Abyss:3  | Noticed a tentacled monstrosity
 25887 | Abyss:3  | Killed a tentacled monstrosity
 25933 | Elf:3    | Escaped the Abyss
 25940 | Elf:3    | Received a gift from Trog
 25941 | Elf:3    | Noticed a Tzitzimitl
 26538 | Elf:3    | Noticed Saint Roka
 26550 | Elf:3    | Killed Saint Roka
 26550 | Elf:3    | Identified the staff of conjuration "Vecenary" {rF- rC+
                  | Will+}
 26640 | Elf:3    | Identified the ring of Guhaazor {Wiz Drain Fly Int+6}
 26646 | Elf:3    | Got the Lectures on Changing Graupel
 26680 | Elf:3    | Found the +9 sword of Power {lifebolt}
 26698 | Elf:3    | Identified the +5 morningstar of the Chickpea {antimagic,
                  | Fly rC++ SInv}
 26700 | Elf:3    | Identified the ring "Kaas" {rF+ EV+5}
 26795 | Elf:3    | Identified the +0 pair of gloves of the Tarantula {Contam
                  | Int+3}
 27106 | Snake:1  | Entered Level 1 of the Snake Pit
 27385 | Snake:1  | You fall into a shaft and drop 1 floor!
 28085 | Snake:1  | Noticed Aizul
 28094 | Snake:1  | Killed Aizul
 28115 | Snake:1  | Gained mutation: Your presence sometimes corrodes those you
                  | injure. [demonic ancestry]
 28115 | Snake:1  | Reached XP level 19. HP: 139/157 MP: 8/19
 29205 | Snake:2  | Noticed Mlioglotl
 29227 | Snake:2  | Killed Mlioglotl
 30346 | Snake:3  | Received a gift from Trog
 31959 | Snake:3  | Identified Roxanne's Notes on Mud
 31959 | Snake:3  | Noticed Roxanne
 31969 | Snake:3  | Killed Roxanne
 32942 | Snake:4  | Entered Level 4 of the Snake Pit
 33066 | Snake:4  | Found Kungi's Assorted Antiques.
 33149 | Snake:4  | Bought a potion of curing for 75 gold pieces
 33149 | Snake:4  | Bought a potion of heal wounds for 125 gold pieces
 33149 | Snake:4  | Bought a scroll labelled ROROCA QETZ for 25 gold pieces
 33149 | Snake:4  | Bought a scroll of enchant armour for 187 gold pieces
 33286 | Snake:4  | Found Zuevokla's Weapon Emporium.
 33561 | Snake:4  | Reached skill level 1 in Stealth
 33899 | Snake:4  | Found Ecawkikk's Assorted Antiques.
 34033 | Snake:4  | HP: 5/158 [nagaraja/+0 spear (17)]
 34718 | Snake:4  | Received a gift from Trog
 34934 | Snake:4  | Reached skill level 5 in Stealth
 35563 | Snake:4  | Received a gift from Trog
 35753 | Snake:4  | Got a serpentine rune of Zot
 35870 | Snake:4  | Bought a scroll of fear for 92 gold pieces
 35870 | Snake:4  | Bought a scroll of teleportation for 69 gold pieces
 35870 | Snake:4  | Bought a twitching glass ring for 115 gold pieces
 35870 | Snake:4  | Identified the ring of Mucsuiw {Fire SInv} (You bought it
                  | in a shop on level 4 of the Snake Pit)
 35870 | Snake:4  | Bought a scroll of teleportation for 69 gold pieces
 36020 | Snake:4  | Found Socaxkoc's Antique Armour Boutique.
 36344 | Temple   | Fell from the grace of Trog
 36344 | Temple   | Became a worshipper of Qazlal Stormbringer
 36573 | D:13     | Reached skill level 1 in Invocations
 36606 | D:13     | Killed Kirke
 36762 | D:13     | Identified the +7 shortbow "Uxophala" {elec, rElec Will+
                  | MP+9 Dex-4}
 36995 | D:13     | Found a gate to the Vaults.
 37252 | D:14     | Reached * piety under Qazlal
 37553 | D:14     | Reached XP level 20. HP: 166/166 MP: 5/23
 37633 | D:14     | Found a large runed translucent door.
 37634 | D:14     | Found a large runed translucent door.
 37637 | D:14     | Noticed Iseguhol's ghost (journeyman GrEE)
 38276 | D:14     | Killed Iseguhol's ghost
 38277 | D:14     | Reached skill level 5 in Invocations
 38332 | D:15     | Entered Level 15 of the Dungeon
 38762 | D:15     | Reached ** piety under Qazlal
 38981 | D:15     | Found a staircase to the Depths.
 39533 | Vaults:1 | Entered Level 1 of the Vaults
 40145 | Vaults:1 | Paralysed by a sphinx for 4 turns
 40304 | Vaults:1 | Reached *** piety under Qazlal
 41001 | Vaults:1 | Reached skill level 10 in Invocations
 42262 | Vaults:2 | Reached **** piety under Qazlal
 42863 | Vaults:2 | Noticed Mennas
 42925 | Vaults:2 | Reached XP level 21. HP: 115/172 MP: 0/30
 42929 | Vaults:2 | Mangled by Mennas

Illustrated notes

Levels and vault maps discovered:
D:1:      matt_arrival_diagonals, layout_basic, minmay_quantized
D:2:      layout_basic, minmay_misc_feat_five, moated_statue
D:3:      layout_loops_cross, nicolae_elevator_lobby_asterisk
D:4:      layout_rooms, ashenzari_conservatory_becter, zin_academy,
          mainiacjoe_overflow_concentric_impassable,
          chequers_ossuary_entry_cave, serial_shops, shop,
          minmay_misc_feat_columns, amethyst_killhole, grunt_ministairs_2,
          minmay_fountain_box
D:5:      layout_loops_corners, kennysheep_little_box,
          nicolae_overflow_crystal_walls, temple_hall,
          cheibrodos_sewer_entry_sluice
D:6:      layout_basic, nicolae_hepliaklqana_monster_ancestors, serial_shops,
          shop, uniq_menkaure, uniq_crazy_yiuf_cottage
D:7:      layout_cave_pools, nicolae_ru_path_of_blood,
          ebering_ghost_rock_garden, kennysheep_windowed_goal
D:8:      layout_loops_cross, nemelex_diamond_rough_becter
D:9:      layout_small_grid, corner_web_ring, minmay_evil_grid
D:10:     layout_long_grid, erik_lair_orcish_takeover
D:11:     layout_roguey, gauntlet_entry_generic, serial_ice, serial_ice_n,
          serial_ice_g, serial_ice_f, serial_ice_a, serial_ice_i,
          nooodl_orcs_dogs
D:12:     layout_irregular_city, kennysheep_orc_monster_closet_entryway,
          uniq_josephine
D:13:     layout_small_grid, ximxim_vaults_locker_room,
          minmay_unpleasant_kobolds, uniq_kirke
D:14:     layout_irregular_city, ebering_ghost_disaster_area
D:15:     gammafunk_depths_entry_grave, layout_long_grid,
          minmay_misc_feat_secret_circle, abandoned_shop
Temple:   dpeg_chambers_temple
Lair:1:   layout_regular_city, infiniplex_staircase_pool_2, uniq_sonja
Lair:2:   layout_cave_pods, skrybe_swamp_entry_bodies, serial_bayou_pond_d,
          serial_bayou_shore_b, uniq_urug
Lair:3:   layout_long_grid, dummy_snake_entry
Lair:4:   layout_long_grid, chequers_serial_rivers_small_3, grunt_megastairs_2
Lair:5:   hangedman_lair_in_review, layout_regular_city, wormcave,
          nicolae_slime_entry_field_trip, nicolae_volcano_entry_lava_flow,
          minmay_stone_trees_medium
Snake:1:  layout_chambers, uniq_aizul
Snake:2:  layout_grid_shapes, uniq_mlioglotl
Snake:3:  layout_basic, lemuel_fruit_tree, uniq_roxanne
Snake:4:  grunt_snake_rune_spirals, layout_onion, serial_shops, shop, shop,
          nicolae_shop_stone, nicolae_lakefront_shop
Orc:1:    layout_diamond_mine, nicolae_orc_lost_temple
Orc:2:    st_orc_congregation, layout_caves
Elf:1:    elf_arrival_002, layout_gridlike, serial_shops, shop,
          hangedman_elf_represent
Elf:2:    elven_hall_of_blades_hangedman_alternative
          [nicolae_blade_entry_floor_patterns], layout_gridlike
Elf:3:    minmay_elf_hall_spiked, layout_loops_cross, serial_shops, shop,
          nicolae_shop_stone, minmay_checkered_concentric_circles,
          uniq_saint_roka
Vaults:1: vaults_room_glass_cross, hangedman_vaults_locks,
          nicolae_vaults_diagonal_hallway_9, v_misc_14,
          vaults_standard_mumra_enter_the_diamond,
          nicolae_vaults_network_barrier, v_misc_8, hangedman_vaults_snaps,
          vaults_standard_mumra_enter_the_diamond, v_misc_28,
          nicolae_vaults_little_squares_6, layout_vaults_omnibox
Vaults:2: v_misc_17, vaults_room_fours, nicolae_vaults_windows_and_doors_thing,
          nicolae_vaults_diagonal_hallway_8, grunt_vaults_hallway_short,
          nicolae_vaults_circle_grid_b, hangedman_vaults_slither, v_misc_22,
          grunt_vaults_funnel, grunt_vaults_hallway_long, v_misc_4,
          ontoclasm_vaults_ligature, vaults_standard_mumra_x,
          vaults_dpeg_encased_lava, vaults_room_pools, ontoclasm_vaults_gateway,
          layout_vaults_ring, uniq_mennas

Skill      XL: |  1  2  3  4  5  6  7  8  9 10 11 12 13 14 15 16 17 18 19 20 |
---------------+-------------------------------------------------------------+-----
Axes           | 3 4 5 6 7 9 11 13 14 15 16 17 18 | 18.8
Armour         | 2 4 6 8 9 10 11 12 13 14 | 14.9
Dodging        | 2 4 6 8 9 10 11 12 13 14 | 14.9
Fighting       | 5 7 9 10 11 12 13 14 15 16 | 16.3
Shields        | 2 5 7 8 10 11 12 13 14 | 14.3
Stealth        | 9 |  9.1
Invocations    | 4 12 | 12.6

Action                     |  1- 3 |  4- 6 |  7- 9 | 10-12 | 13-15 | 16-18 | 19-21 || total
---------------------------+-------+-------+-------+-------+-------+-------+-------++-------
  Melee: Hand axe          |   140 |    30 |       |    14 |    12 |       |       ||   196
         Punch             |     2 |     1 |     3 |     8 |       |       |       ||    14
         War axe           |       |   184 |   311 |   436 |   654 |       |       ||  1585
         Kick              |       |     9 |    27 |    62 |   362 |   359 |   385 ||  1204
         Broad axe         |       |       |       |       |   444 |  1063 |   956 ||  2463
         Unarmed           |       |       |       |       |    12 |       |       ||    12
  Throw: Dart              |       |       |       |     2 |       |       |       ||     2
 Invoke: Berserk           |       |     1 |     4 |     5 |     9 |     8 |     1 ||    28
         Brothers in Arms  |       |       |     2 |     2 |       |     4 |     2 ||    10
         Trog's Hand       |       |       |       |     1 |       |     4 |     2 ||     7
  Evoke: Wand              |       |       |       |       |       |     3 |       ||     3
    Use: Scroll            |       |     6 |     3 |     7 |    22 |     5 |    11 ||    54
         Potion            |       |       |       |       |       |     4 |    10 ||    14
   Stab: Sleeping          |     1 |       |       |       |       |       |     1 ||     2
         Distracted        |       |       |       |       |       |     1 |       ||     1
 Armour: Animal skin       |    26 |       |       |       |       |       |       ||    26
         Scale mail        |     3 |    48 |    75 |   102 |   185 |   231 |   154 ||   798
  Dodge: Dodged            |    92 |   128 |   184 |   156 |   381 |   283 |   317 ||  1541
         Repelled          |       |       |       |       |     3 |    18 |       ||    21
  Block: Other             |    21 |    47 |    61 |   170 |     1 |       |       ||   300
         Reflection        |       |       |       |     2 |    40 |    29 |   103 ||   174
         Buckler           |       |       |       |    53 |   808 |   605 |   294 ||  1760
         Tower shield      |       |       |       |       |       |       |   941 ||   941

Table legend: (Time is in decaauts)
 A = Elapsed time spent in this place.
 B = Non-inter-level travel time spent in this place.
 C = Inter-level travel time spent in this place.
 D = Time resting spent in this place.
 E = Time spent auto-exploring this place.
 F = Levels seen in this place.
 G = Mean time per level.
                   A        B        C        D        E       F      G
               +--------+--------+--------+--------+--------+-----+--------+
         Total |  42867 |  40044 |   2823 |   2849 |  29255 |  37 | 1158.6 |
       Dungeon |  14944 |  13411 |   1533 |    321 |  10829 |  15 |  996.3 |
        Temple |    376 |    250 |    126 |      0 |    230 |   1 |  376.0 |
          Lair |   5322 |   4841 |    481 |    371 |   3523 |   5 | 1064.4 |
     Snake Pit |   8721 |   8385 |    336 |    836 |   6749 |   4 | 2180.2 |
  Orcish Mines |   1370 |   1233 |    137 |      0 |    948 |   2 |  685.0 |
   Elven Halls |   4676 |   4508 |    168 |    150 |   3464 |   3 | 1558.7 |
        Vaults |   3382 |   3343 |     39 |    204 |   2581 |   2 | 1691.0 |
         Abyss |   2295 |   2295 |      0 |    710 |    130 |   1 | 2295.0 |
         Sewer |    439 |    439 |      0 |      0 |    304 |   1 |  439.0 |
       Ossuary |    302 |    302 |      0 |      0 |    118 |   1 |  302.0 |
       Volcano |    522 |    522 |      0 |    173 |    245 |   1 |  522.0 |
      Gauntlet |    512 |    512 |      0 |     80 |    132 |   1 |  512.0 |
               +--------+--------+--------+--------+--------+-----+--------+

Top non-repeatable levels by time:
 Snake:3: 2865 daAuts
 Snake:4: 2473 daAuts
 Abyss:3: 2295 daAuts
Vaults:1: 2140 daAuts
   Elf:3: 2048 daAuts
 Snake:1: 1944 daAuts
 Snake:2: 1438 daAuts
     D:9: 1436 daAuts
   Elf:1: 1349 daAuts
  Lair:5: 1280 daAuts
   Elf:2: 1278 daAuts
Vaults:2: 1242 daAuts
    D:13: 1232 daAuts
    D:14: 1180 daAuts
  Lair:1: 1177 daAuts
